 Dungeon Crawl Stone Soup version 0.32-a0-699-g1ee5eff69a (webtiles) character file.

Game seed: 11014551383241889183

5 BeKind the Chiller (level 1, 0/11 HPs)
             Began as an Octopode Ice Elementalist on Mar 13, 2024.
             Slain by a jackal (1 damage)
             ... on level 1 of the Dungeon.
             The game lasted 00:00:17 (84 turns).

BeKind the Chiller (Octopode Ice Elementalist)        Turns: 84, Time: 00:00:18

Health: 0/11       AC:  1    Str:  7    XL:     1   Next: 80%
Magic:  1/3        EV: 12    Int: 17    God:
Gold:   0          SH:  0    Dex: 12    Spells: 3/4 levels left

rFire   . . .        (no weapon)
rCold   . . .        (no shield)
rNeg    . . .        (helmet restricted)
rPois   .            (no amulet)
rElec   .            (no ring)
rCorr   .            (no ring)
SInv    .            (no ring)
Will    .....        (no ring)
Stlth   +++          (no ring)
HPRegen 0.21/turn    (no ring)
MPRegen 0.08/turn    (no ring)
                     (no ring)

%: no passive effects
@: no status effects
A: almost no armour, amphibious, 8 rings, camouflage 1, gelatinous body 1,
(nimble swimmer 1), tentacles
a: no special abilities


You were on level 1 of the Dungeon.
You visited 1 branch of the dungeon, and saw 1 of its levels.

Inventory:

Potions
 a - a potion of magic


   Skills:
 + Level 2.1 Dodging
 - Level 2.7 Stealth
 + Level 2.1 Spellcasting
 * Level 4.1 Ice Magic


You had 3 spell levels left.
You knew the following spells:

 Your Spells              Type           Power      Damage    Failure   Level
a - Freeze                Ice            60%        1d7       3%          1

Your spell library contained the following spells:

 Spells                   Type           Power      Damage    Failure   Level
 Frozen Ramparts          Ice            30%        1d5       11%         3
 Ozocubu's Armour         Ice            15%        N/A       11%         3
 Summon Ice Beast         Ice/Summ       8%         N/A       24%         3


Dungeon Overview and Level Annotations

Branches:
Dungeon (1/15)

Altars:


Innate Abilities, Weirdness & Mutations

You cannot wear most types of armour.
You are amphibious.
You can wear up to eight rings at the same time.
Your skin changes colour to match your surroundings (Stealth+).
Your rubbery body absorbs attacks. (AC +1, EV +1)
((You are camouflaged when in or above water. (Stealth+)))
You have tentacles for arms and can constrict up to eight enemies at once.


Message History

No target in view!
No target in view! 2 jackals come into view.
There are monsters nearby!
There are monsters nearby!
There are monsters nearby!
The jackal barks! x2
A kobold comes into view. It is wielding a +0 whip.
The kobold shouts!
You hear an angry hiss.
You hear a shout!
A hobgoblin and a ball python come into view.
The hobgoblin shouts!
The jackal closely misses you. The jackal barely misses you.
You freeze the ball python.
You kill the ball python!
The jackal closely misses you. The jackal bites you. x2
The jackal barely misses you.
A gnoll comes into view. It is wielding a +0 flail.
You freeze the jackal.
The jackal is lightly wounded.
A giant cockroach comes into view.
The jackal closely misses you. The jackal bites you.
You freeze the jackal.
The jackal is severely wounded.
The jackal barely misses you. The jackal bites you. x3
You are too injured to fight recklessly!
The jackal attacks as it pursues you! The jackal closely misses you.
The giant cockroach waves its antennae.
The jackal attacks as it pursues you! The jackal misses you.
The jackal closely misses you. The jackal attacks as it pursues you!
The jackal barely misses you. The jackal attacks as it pursues you!
The jackal bites you. The jackal attacks as it pursues you!
The jackal barely misses you. x2
The jackal attacks as it pursues you! The jackal bites you.
* * * LOW HITPOINT WARNING * * *
The jackal bites you but does no damage.
You see here a +0 sling.
The jackal attacks as it pursues you! The jackal bites you.
* * * LOW HITPOINT WARNING * * *
The jackal bites you.
You die...

##### ..#### ...
#####...# .....#....
#.......# ....#....
#.......# ........
###.....).# #....#
..........#####$...#
#..........KgBg...#
#......K#########.#
#.......#.@.#>.
#######h#h#.#.#
#.#h#.#.#####
####...#.#......
#.......#...#
#......†.†...+
#........#...#
#........#...#
#.########...#


You could see 2 jackals.

Vanquished Creatures
  3 bats (D:1)
  A giant cockroach (D:1)
  A ball python (D:1)
  A frilled lizard (D:1)
6 creatures vanquished.

Notes
Turn   | Place    | Note
-------+----------+-------------------------------------------
     0 | D:1      | BeKind the Octopode Ice Elementalist began the quest for
                  | the Orb.
     0 | D:1      | Reached XP level 1. HP: 11/11 MP: 3/3
    84 | D:1      | Slain by a jackal

Illustrated notes

Levels and vault maps discovered:
D:1:      lightli_arrival_statuegarden, layout_basic, serial_park_tiny_1,
          serial_bayou_ford_a, grunt_decor_clamped

Action                     || total
---------------------------++-------
  Melee: Unarmed           ||     9
         Constrict         ||     2
         Punch             ||     1
         Tentacles         ||     1
   Cast: Freeze            ||     5
   Stab: Sleeping          ||     1
 Armour: Skin              ||    22
  Dodge: Dodged            ||    21

Table legend: (Time is in decaauts)
 A = Elapsed time spent in this place.
 B = Non-inter-level travel time spent in this place.
 C = Inter-level travel time spent in this place.
 D = Time resting spent in this place.
 E = Time spent auto-exploring this place.
 F = Levels seen in this place.
 G = Mean time per level.
                   A        B        C        D        E       F      G
               +--------+--------+--------+--------+--------+-----+--------+
         Total |     84 |     84 |      0 |      0 |     36 |   1 |   84.0 |
       Dungeon |     84 |     84 |      0 |      0 |     36 |   1 |   84.0 |
               +--------+--------+--------+--------+--------+-----+--------+

Top non-repeatable levels by time:
     D:1: 84 daAuts
